 Dungeon Crawl Stone Soup version 0.30-a0-341-g682706514a (webtiles) character file.

Game seed: 11043085891128253537

168 retardedninja the Trooper (level 5, 0/45 (47) HPs)
             Began as a Hill Orc Fighter on Nov 2, 2022.
             Slain by Crazy Yiuf
             ... wielding a +4 quarterstaff of chaos
              (13 damage)
             ... on level 2 of the Dungeon.
             The game lasted 00:03:35 (2652 turns).

retardedninja the Trooper (Hill Orc Fighter)        Turns: 2652, Time: 00:03:37

HP:   0/45 (47)     AC:  8    Str: 21    XL:     5   Next: 48%
MP:   5/5           EV:  9    Int:  8    God:
Gold: 88            SH:  4    Dex: 10    Spells: 4/4 levels left

rFire   . . .      SeeInvis .    a - +0 war axe
rCold   . . .      Faith    .    c - +0 buckler
rNeg    . . .      Spirit   .    b - +0 scale mail
rPois   .          Reflect  .    (no helmet)
rElec   .          Harm     .    (no cloak)
rCorr   .          Rampage  .    d - +0 pair of gloves
Will    .....                    (no boots)
Stlth   ..........               (no amulet)
HPRegen 0.27/turn                (no ring)
MPRegen 0.09/turn                (no ring)

@: lethally poisoned (0 -> -12), lightly drained
A: no striking features
a: no special abilities


You were on level 2 of the Dungeon.
You visited 1 branch of the dungeon, and saw 2 of its levels.

You collected 88 gold pieces.

Inventory:

Hand Weapons
 a - a +0 war axe (weapon)
Armour
 b - a +0 scale mail (worn)
 c - a +0 buckler (worn)
 d - a +0 pair of gloves (worn)
Jewellery
 e - a ring of magical power
 h - a ring of poison resistance
 k - an amulet of the acrobat
 l - a ring of protection from fire
 n - a ring of see invisible
Scrolls
 f - a scroll of noise {unknown}
 g - 2 scrolls of teleportation {unknown}
 j - a scroll of enchant armour {unknown}
 m - a scroll of amnesia {unknown}
 q - a scroll of blinking {unknown}
Potions
 i - a potion of brilliance {unknown}
 o - 2 potions of degeneration {unknown}
 p - a potion of curing {unknown}


   Skills:
 + Level 4.7 Fighting
 + Level 4.2 Axes
 + Level 4.3 Armour
 + Level 4.3 Shields


You had 4 spell levels left.
You didn't know any spells.
Your spell library contained the following spells:

 Spells                   Type           Power      Damage    Failure   Level
 Freeze                   Ice            0%         1d3       83%         1
 Frozen Ramparts          Ice            0%         1d1       99%         3
 Hailstorm                Conj/Ice       0%         3d3       99%         3


Dungeon Overview and Level Annotations

Branches:
Dungeon (2/15)

Altars:

Annotations:
D:2 Crazy Yiuf


Message History

You feel Natasha's spirit has finally been put to rest.
No target in view!
No target in view!
No target in view!
No target in view!
No target in view!
No target in view!
No target in view!
No target in view!
No target in view!
No target in view!
You start waiting.
Done waiting.
You start waiting.
Done waiting.
Key pressed, stopping explore.
Key pressed, stopping explore.
Could not explore, unopened runed door.
Could not explore, unopened runed door.
No reachable target in view!
Okay, then.
You open the door. You slash Crazy Yiuf!
Crazy Yiuf is severely wounded.
Crazy Yiuf hits you with a +4 quarterstaff of chaos!
You closely miss Crazy Yiuf.
Crazy Yiuf is severely wounded.
Crazy Yiuf screams, "Shower!
Whippet seventy alas."
Crazy Yiuf hits you with a +4 quarterstaff of chaos!
You are poisoned.
Crazy Yiuf screams, "Spliff!"
Crazy Yiuf hits you with a +4 quarterstaff of chaos!
You feel drained.
You closely miss Crazy Yiuf.
Crazy Yiuf is severely wounded.
* * * LOW HITPOINT WARNING * * *
You feel very sick.
Crazy Yiuf says, "Iron forty-two infinity!"
Crazy Yiuf hits you with a +4 quarterstaff of chaos!
You die...

#....####.......####
#....# #...........
#....# #.......####
#.#.## #....|..#
##.## ######..####
#.## #._.... ##.#
#...... #.## #......
##@# #.∩.... #g#
#...... ... #......
#...# #.8..8. #..)#
#...... #####
#...... ##8....
#..... #.....


You could see Crazy Yiuf.

Vanquished Creatures
  Natasha (thrice) (D:2)
  5 adders (D:2)
  2 worms (D:2)
  A dart slug (D:1)
  7 endoplasms
  4 goblins (D:1)
  3 hobgoblins (D:1)
  4 jackals (D:2)
  2 kobolds
  3 quokkas
  2 bats
  3 frilled lizards
  4 rats
43 creatures vanquished.

Notes
Turn   | Place    | Note
-------+----------+-------------------------------------------
     0 | D:1      | retardedninja the Hill Orc Fighter began the quest for the
                  | Orb.
     0 | D:1      | Reached XP level 1. HP: 19/19 MP: 1/1
   200 | D:1      | Reached XP level 2. HP: 27/27 MP: 2/2
   774 | D:1      | Reached XP level 3. HP: 32/33 MP: 3/3
  1569 | D:2      | Reached XP level 4. HP: 40/40 MP: 4/4
  1596 | D:2      | Found a faded altar of an unknown god.
  1834 | D:2      | Found a runed translucent door.
  1835 | D:2      | Noticed Crazy Yiuf
  1896 | D:2      | Noticed Natasha
  1908 | D:2      | Killed Natasha
  1991 | D:2      | Reached XP level 5. HP: 46/47 MP: 5/5
  2255 | D:2      | Noticed Natasha
  2263 | D:2      | Killed Natasha
  2420 | D:2      | Noticed Natasha
  2424 | D:2      | Killed Natasha
  2652 | D:2      | Slain by Crazy Yiuf

Illustrated notes

Levels and vault maps discovered:
D:1:      minmay_arrival_stair_chambers, layout_basic, minmay_cut_off
D:2:      layout_basic, hellmonk_ecumenical_altar_arch_garden,
          minmay_misc_feat_square, uniq_crazy_yiuf_cottage, uniq_natasha

Skill      XL: |  1  2  3  4 |
---------------+-------------+-----
Axes           | 3 4 |  4.2
Fighting       | 4 |  4.7
Armour         | 4 |  4.3
Shields        | 4 |  4.3

Action                   |  1- 3 |  4- 6 || total
-------------------------+-------+-------++-------
Melee: War axe           |    91 |    48 ||   139
  Use: Potion            |       |     1 ||     1
Armor: Scale mail        |    45 |    34 ||    79
Dodge: Dodged            |    38 |    25 ||    63
Block: Buckler           |    27 |    12 ||    39

Table legend: (Time is in decaauts)
 A = Elapsed time spent in this place.
 B = Non-inter-level travel time spent in this place.
 C = Inter-level travel time spent in this place.
 D = Time resting spent in this place.
 E = Time spent auto-exploring this place.
 F = Levels seen in this place.
 G = Mean time per level.
                   A        B        C        D        E       F      G
               +--------+--------+--------+--------+--------+-----+--------+
         Total |   2709 |   2630 |     79 |    926 |   1369 |   2 | 1354.5 |
       Dungeon |   2709 |   2630 |     79 |    926 |   1369 |   2 | 1354.5 |
               +--------+--------+--------+--------+--------+-----+--------+

Top non-repeatable levels by time:
     D:2: 1793 daAuts
     D:1: 915 daAuts
